 Dungeon Crawl Stone Soup version 0.30-a0-728-gc68057be0a (webtiles) character file.

Game seed: 13052511481855246566

25 jimonade the Grave Robber (level 2, -1/19 HPs)
             Began as a Demonspawn Necromancer on Jan 31, 2023.
             Slain by a quokka (2 damage)
             ... on level 1 of the Dungeon.
             The game lasted 00:02:16 (644 turns).

jimonade the Grave Robber (Demonspawn Necromancer)   Turns: 644, Time: 00:02:17

Health: -1/19      AC:  2    Str:  8    XL:     2   Next: 86%
Magic:  1/5        EV: 12    Int: 16    God:
Gold:   20         SH:  0    Dex: 13    Spells: 5/6 levels left

rFire   . . .      SeeInvis .    d - +0 dagger
rCold   . . .      Faith    .    (no shield)
rNeg    . . .      Spirit   .    a - +0 robe
rPois   .          Reflect  .    (no helmet)
rElec   .          Harm     .    (no cloak)
rCorr   .          Rampage  .    (no gloves)
Will    .....                    (no boots)
Stlth   ++                       (no amulet)
HPRegen 0.23/turn                (no ring)
MPRegen 0.09/turn                (no ring)

@: no status effects
A: hooves 1
a: no special abilities


You were on level 1 of the Dungeon.
You visited 1 branch of the dungeon, and saw 1 of its levels.

You collected 20 gold pieces.

Inventory:

Hand Weapons
 d - a +0 dagger (weapon)
Missiles
 e - 6 stones
Armour
 a - a +0 robe (worn)
Scrolls
 f - a scroll of enchant weapon {unknown}
 i - a scroll of identify {unknown}
Potions
 b - a potion of magic
 c - 2 potions of heal wounds {unknown}
 g - 2 potions of haste {unknown}
 h - a potion of curing {unknown}


   Skills:
 - Level 1.8 Dodging
 - Level 1.7 Stealth
 + Level 2.5 Spellcasting
 + Level 5.0 Necromancy


You had 5 spell levels left.
You knew the following spells:

 Your Spells              Type           Power      Damage    Failure   Level
a - Necrotise             Necr           72%        1d7       2%          1

Your spell library contained the following spells:

 Spells                   Type           Power      Damage    Failure   Level
 Vampiric Draining        Necr           18%        2d7       8%          3
 Beastly Appendage        Tmut           4%         N/A       21%         1
 Animate Dead             Necr           18%        N/A       24%         4
 Wereblood                Tmut           2%         N/A       30%         2
 Spider Form              Tmut/Pois      2%         N/A       52%         3
 Agony                    Necr           18%        N/A       56%         5


Dungeon Overview and Level Annotations

Branches:
Dungeon (1/15)

Altars:


Innate Abilities, Weirdness & Mutations

You have large cloven feet.


Message History

Your jackal skeleton is destroyed!
The jackal writhes in agony.
The jackal barely resists.
The jackal misses you.
You are out of magic!
You hit the jackal.
You kill the jackal!
You see here a jackal corpse.
You open the door.
There is an open door here.
There is an open door here.
There is an open door here.
You see here a +0 short sword.
Found a robe.
You now have 20 gold pieces (gained 10).
A quokka comes into view.
Found a scroll labelled LIRRIXTEXIS.
A frilled lizard comes into view.
The quokka writhes in agony.
The quokka barely resists.
The quokka bites you. x2
The quokka writhes in agony.
The quokka misses you.
The quokka writhes in agony.
The quokka barely misses you.
The quokka writhes in agony.
The quokka bites you.
You are out of magic!
The quokka bites you.
You hit the quokka but do no damage.
The quokka is severely wounded.
The quokka bites you.
You miss the quokka.
The quokka is severely wounded.
The quokka bites you.
* * * LOW HITPOINT WARNING * * *
You hit the quokka but do no damage.
The quokka is severely wounded.
The quokka barely misses you.
You hit the quokka.
The quokka is almost dead.
The quokka bites you.
* * * LOW HITPOINT WARNING * * *
The quokka bites you.
You die...

###.#
#...........#
#....
#....########
#.... #....#
#.... ######....#
#####
#..[......###
#...........#
............#
#.......#...#
#......@#...#
#......r#########
#......l........#
#######.....l...#
#$....?...#
#..!.......
#..........
...........
......####..


You could see a quokka and a frilled lizard.

Vanquished Creatures
  2 dart slugs (D:1)
  5 bats (D:1)
  A giant cockroach (D:1)
  5 jackals (D:1)
  A quokka (D:1)
  A kobold (D:1)
15 creatures vanquished.

Vanquished Creatures (collateral kills)
  A goblin (D:1)
  A jackal (D:1)
  A kobold (D:1)
3 creatures vanquished.

Grand Total: 18 creatures vanquished

Notes
Turn   | Place    | Note
-------+----------+-------------------------------------------
     0 | D:1      | jimonade the Demonspawn Necromancer began the quest for the
                  | Orb.
     0 | D:1      | Reached XP level 1. HP: 13/13 MP: 3/3
   111 | D:1      | Discovered your monstrous ancestry.
   111 | D:1      | Gained mutation: You have large cloven feet. [demonic
                  | ancestry]
   111 | D:1      | Reached XP level 2. HP: 19/19 MP: 3/5
   491 | D:1      | Reached skill level 5 in Necromancy
   644 | D:1      | Slain by a quokka

Illustrated notes

Levels and vault maps discovered:
D:1:      lemuel_arrival_muddy, layout_basic

Skill      XL: |  1  2 |
---------------+-------+-----
Necromancy     | 5 |  5.0
Dodging        | |  1.8
Stealth        | |  1.7
Spellcasting   | |  2.5

Action                     || total
---------------------------++-------
  Melee: Unarmed           ||    19
         Dagger            ||     5
   Cast: Necrotise         ||    32
 Armour: Robe              ||     8
  Dodge: Dodged            ||    23

Table legend: (Time is in decaauts)
 A = Elapsed time spent in this place.
 B = Non-inter-level travel time spent in this place.
 C = Inter-level travel time spent in this place.
 D = Time resting spent in this place.
 E = Time spent auto-exploring this place.
 F = Levels seen in this place.
 G = Mean time per level.
                   A        B        C        D        E       F      G
               +--------+--------+--------+--------+--------+-----+--------+
         Total |    644 |    644 |      0 |      0 |    506 |   1 |  644.0 |
       Dungeon |    644 |    644 |      0 |      0 |    506 |   1 |  644.0 |
               +--------+--------+--------+--------+--------+-----+--------+

Top non-repeatable levels by time:
     D:1: 644 daAuts
